 Dungeon Crawl Stone Soup version 0.20.0-8-g6b59dc7 (webtiles) character file.

425 straycat the Skirmisher (level 6, 0/51 HPs)
             Began as a Vampire Wanderer on May 31, 2017.
             Slain by a river rat (2 damage)
             ... on level 5 of the Dungeon.
             The game lasted 00:24:50 (6659 turns).

straycat the Skirmisher (Vampire Wanderer)          Turns: 6659, Time: 00:24:52

Health: 0/51       AC:  8    Str: 10    XL:     6   Next: 64%
Magic:  6/6        EV: 10    Int: 15    God:
Gold:   148        SH:  0    Dex: 16    Spells: 5/5 levels left

rFire    . . .     SeeInvis +   s - +0 falchion
rCold    + . .     Gourm    .   (no shield)
rNeg     + + .     Faith    .   a - +2 scale mail
rPois    +         Spirit   .   (no helmet)
rElec    .         Reflect  .   (no cloak)
rCorr    +         Harm     .   (no gloves)
MR       .....                  (no boots)
Stlth    ++........             (no amulet)
Regen    0.1/turn               v - ring of resist corrosion
MPRegen  0.1/turn               (no ring)

@: regenerating slowly
A: fangs 3, see invisible, unbreathing
a: Bat Form


You were on level 5 of the Dungeon.
You were thirsty.

You visited 1 branch of the dungeon, and saw 5 of its levels.

You collected 148 gold pieces.

Inventory:

Hand Weapons
 b - a +0 short sword
 e - a +0 hunting sling
 k - a +0 spear
 s - a +0 falchion (weapon)
 w - a +0 rapier
Missiles
 g - 54 stones (quivered)
 m - 40 bolts
 n - 32 sling bullets
 t - 18 arrows
Armour
 a - a +2 scale mail (worn)
 x - a cursed +0 leather armour
Jewellery
 v - a ring of resist corrosion (left hand)
Scrolls
 f - a scroll of enchant weapon {unknown}
 i - a scroll of random uselessness {unknown}
 j - 6 scrolls of remove curse {unknown}
 q - 8 scrolls of identify {unknown}
 r - 2 scrolls of recharging {unknown}
 u - 2 scrolls of amnesia {unknown}
Potions
 d - 13 potions of blood
 h - 3 potions of curing {unknown}
 l - a potion of brilliance {unknown}
 o - 2 potions of mutation {unknown}
 p - a potion of magic {unknown}


   Skills:
 * Level 5.4 Fighting
 * Level 3.8 Short Blades
 + Level 2.2 Armour
 * Level 3.4 Dodging
 + Level 4.5 Stealth
   Level 1.0 Shields


You had 5 spell levels left.
You didn't know any spells.

Dungeon Overview and Level Annotations

Branches:
Dungeon (5/15)
 Temple: D:4-7

Altars:
Hepliaklqana
Nemelex Xobeh
Trog
The Shining One

Portals:
Sewer: D:4

Annotations:
D:2 Sigmund
D:4 herpmino's ghost, amateur VSAK


Innate Abilities, Weirdness & Mutations

You heal slowly.
You have razor-sharp teeth.
You have supernaturally acute eyesight. (SInv)
You can survive without breathing.


Message History

You closely miss the river rat.
The river rat bites you but does no damage.
The river rat barely misses you.
You riposte.
You closely miss the river rat.
Your scale mail prevents you from hitting the river rat.
The river rat bites you but does no damage.
You barely miss the river rat. The river rat closely misses you.
Your scale mail prevents you from hitting the river rat.
The river rat bites you but does no damage.
You barely miss the river rat. The river rat barely misses you.
You hit the river rat but do no damage. You bite the river rat.
You draw the river rat's blood!
You feel better.
You feel slightly less thirsty.
The river rat is lightly wounded.
The river rat bites you.
* * * LOW HITPOINT WARNING * * *
The river rat bites you but does no damage.
You barely miss the river rat.
The river rat is lightly wounded.
The river rat bites you.
You die...

###
..#
#.#
#.#
#.#
#@#
#r#
#.#
#.#
#.#
#..
#..
#..


You could see a river rat.

Vanquished Creatures
  A phantom (D:3)
  An ogre (D:4)
  An orc wizard (D:3)
  A worker ant (D:2)
  9 adders
  4 worms
  4 dart slugs
  2 leopard geckos
  10 orcs
  A ball python (D:2)
  6 giant cockroaches
  10 goblins
  6 hobgoblins
  10 jackals
  2 quokkas (D:2)
  13 bats
  3 frilled lizards
  7 kobolds
  7 rats
98 creatures vanquished.

Notes
Turn   | Place    | Note
-------+----------+-------------------------------------------
     0 | D:1      | straycat the Vampire Wanderer began the quest for the Orb.
     0 | D:1      | straycat set off with: a +2 scale mail, a +0 short sword, a scroll of teleportation, a potion of blood
     0 | D:1      | Reached XP level 1. HP: 20/20 MP: 1/1
   315 | D:1      | Reached XP level 2. HP: 11/26 MP: 2/2
  1432 | D:2      | Found a faded altar of an unknown god.
  1444 | D:2      | Reached XP level 3. HP: 31/31 MP: 3/3
  2049 | D:2      | Found a sparkling altar of Nemelex Xobeh.
  2596 | D:2      | Found a bloodstained altar of Trog.
  2617 | D:2      | Reached XP level 4. HP: 31/38 MP: 4/4
  2660 | D:2      | Noticed Sigmund
  3813 | D:2      | Reached skill level 5 in Fighting
  4492 | D:2      | Reached XP level 5. HP: 34/44 MP: 5/5
  4979 | D:3      | Found a glowing golden altar of the Shining One.
  4979 | D:3      | Found a hazy altar of Hepliaklqana.
  5556 | D:3      | Noticed a phantom
  6043 | D:3      | Killed a phantom
  6043 | D:3      | Reached XP level 6. HP: 32/51 MP: 6/6
  6627 | D:4      | Found a glowing drain.
  6628 | D:4      | Noticed herpmino's ghost (amateur VSAK)
  6649 | D:4      | HP: 1/51 [herpmino's ghost (5)]
  6650 | D:5      | Entered Level 5 of the Dungeon
  6658 | D:5      | HP: 2/51 [river rat (2)]
  6659 | D:5      | Slain by a river rat

Skill      XL: |  1  2  3  4  5 |
---------------+----------------+-----
Stealth        | 2 3 4 |  4.5
Dodging        | 2 3 |  3.4
Short Blades   | 2 3 |  3.8
Fighting       | 5 |  5.4
Armour         | 2 |  2.2
Shields        | |  1.0

Action                   |  1- 3 |  4- 6 || total
-------------------------+-------+-------++-------
Melee: Short sword       |    68 |    41 ||   109
       Bite              |    18 |    20 ||    38
       Spear             |   140 |    77 ||   217
       Falchion          |       |   113 ||   113
       Rapier            |       |    14 ||    14
 Fire: Hunting sling     |       |   143 ||   143
Throw: Stone             |     3 |       ||     3
 Abil: End Transformatio |     1 |     1 ||     2
       Bat Form          |     1 |     1 ||     2
  Use: Potion            |     4 |    12 ||    16
       Scroll            |       |     1 ||     1
 Stab: Sleeping          |       |     2 ||     2
Armor: Scale mail        |   130 |   127 ||   257
Dodge: Dodged            |   134 |   162 ||   296
       Rpst.: Falchion   |       |    20 ||    20
